 Dungeon Crawl Stone Soup version 0.17.1-3-g152610e (webtiles) character file.

15142 Gargoyl the Protected (level 11, 0/97 HPs)
             Began as a Demonspawn Abyssal Knight on Mar 15, 2016.
             Was the Champion of Lugonu.
             Slain by a crocodile (13 damage)
             ... on level 11 of the Dungeon.
             The game lasted 00:35:03 (12251 turns).

Gargoyl the Protected (Demonspawn Abyssal Knight)  Turns: 12251, Time: 00:35:03

Health: 0/97       AC: 14    Str: 14    XL:     11   Next: 98%
Magic:  13/13      EV:  6    Int: 12    God:    Lugonu [******]
Gold:   774        SH:  0    Dex: 12    Spells: 0 memorised, 10 levels left

rFire  + + .     SeeInvis .     C - +1 battleaxe (freeze)
rCold  + . .     Clarity  +     y - +0 plate armour
rNeg   . . .     SustAt   .     (shield currently unavailable)
rPois  .         Gourm    .     (helmet restricted)
rElec  .         Spirit   .     s - +0 cloak
rCorr  .         Warding  .     (no gloves)
rMut   .         Stasis   .     (no boots)
MR     +....                    z - amulet of regeneration
Stlth  ..........               h - ring of protection from magic
                                i - ring of protection from cold

@: somewhat resistant to hostile enchantments, extremely unstealthy
A: horns 2, talons 2, thin metallic scales 2, clarity, deformed body, dopey 1,
fire resistance 2, nightstalker 1, powered by pain 1, robust 1, weak 1, no
device heal 1
a: Depart the Abyss, Bend Space, Banish, Corrupt, Enter the Abyss, Brand Weapon
With Distortion, Renounce Religion


You were on level 11 of the Dungeon.
You worshipped Lugonu.
Lugonu was exalted by your worship.
You were not hungry.

You visited 1 branch of the dungeon, and saw 11 of its levels.
You visited the Abyss 1 time.
You also visited: Sewer.

You collected 774 gold pieces.

Inventory:

Hand Weapons
 p - a +5 spear of flaming
 x - a +3 flail of protection
 C - a +1 battleaxe of freezing (weapon)
 D - a +0 war axe
Missiles
 g - 3 tomahawks
 n - 6 poisoned tomahawks (quivered)
 B - 7 javelins of penetration
Armour
 a - a +0 buckler
 k - a +0 helmet
 s - a +0 cloak (worn)
 y - a +0 plate armour (worn)
Jewellery
 d - an uncursed ring of see invisible
 h - a ring of protection from magic (right hand)
 i - a ring of protection from cold (left hand)
 w - an uncursed ring of ice
 z - an amulet of regeneration (around neck)
Wands
 r - a wand of slowing (25)
 t - a wand of enslavement (9)
 u - a wand of flame (12)
 H - a wand of magic darts (17)
Scrolls
 b - 12 scrolls of identify
 j - 5 scrolls of fear
 m - 2 scrolls of remove curse
 F - a scroll of teleportation
 G - a scroll of magic mapping
Potions
 e - a potion of magic
 q - 3 potions of brilliance
 v - 2 potions of flight
 A - 2 potions of might
Comestibles
 c - 3 chunks of flesh
 o - 2 meat rations
 E - a slice of pizza


   Skills:
 + Level 9.4 Fighting
 + Level 5.4(7.5) Axes
 + Level 7.9(8.7) Polearms
 + Level 2.1 Throwing
 + Level 11.0 Armour
 + Level 4.0 Dodging
 + Level 1.2 Stealth
 + Level 4.2 Shields
 + Level 3.7 Invocations


You had 10 spell levels left.
You didn't know any spells.

Dungeon Overview and Level Annotations

Branches:
Dungeon (11/15)            Temple (0/1) D:6            Lair (0/8) D:11
    Orc: D:9-12

Altars:
Gozag
Makhleb
Vehumet
Yredelemnul
The Shining One

Shops:
D:8 *   D:9 ?


Innate Abilities, Weirdness & Mutations

You have razor-sharp toenails.
You are mostly covered in thin metallic scales (AC +3).
You are slightly more attuned to the shadows.
You sometimes gain a little power by taking damage.
You are robust (+10% HP).
You have a pair of horns on your head.
You possess an exceptional clarity of mind.
Armour fits poorly on your strangely shaped body.
You are dopey. (Int -2)
Your flesh is very heat resistant.
You are weak. (Str -2)
Potions and wands are less effective at restoring your health.


Message History

Lugonu accepts your kill.
You slash the crocodile! You freeze the crocodile.
The crocodile is moderately wounded.
You feel very sick. The crocodile barely misses you.
The basilisk bites you but does no damage.
The crocodile bites you.
* * * LOW HITPOINT WARNING * * *
You closely miss the basilisk.
Your plate armour prevents you from hitting the crocodile.
The crocodile is moderately wounded.
You feel very sick.
The basilisk bites you but does no damage.
The crocodile bites you!
* * * LOW HITPOINT WARNING * * *
Drink which item? (? for menu, Esc to quit)
You feel better. The basilisk bites you!
* * * LOW HITPOINT WARNING * * *
The crocodile bites you!
You die...

###..####
#.......#
#.......#
#.......#
#.......#
#.......#
#.......#
#t......'.#
#@l.....###
#########


You could see a basilisk and a crocodile.

Vanquished Creatures
  Fannar (D:10)
  3 unseen horrors
  The ghost of azazzel4ik the Spear-Bearer, a novice MfFi (D:6)
  An ugly thing (D:10)
  A slime creature (D:8)
  Prince Ribbit (D:9)
  A trapdoor spider zombie (D:8)
  A two-headed ogre (D:8)
  19 yaks
  A wraith (D:10)
  A hippogriff (D:8)
  2 basilisks (D:11)
  A hungry ghost (D:10)
  A wyvern (D:11)
  Edmund (D:4)
  3 water moccasins
  7 porcupines
  3 ice beasts
  4 ogres
  An orc warrior (D:10)
  A black bear (D:10)
  2 phantoms
  5 sky beasts
  6 centaurs
  3 crocodiles
  4 big kobolds
  A gnoll sergeant (D:9)
  6 giant frogs
  16 killer bees
  4 scorpions
  7 wights
  3 crimson imps
  2 centaur zombies
  8 hounds
  4 orc priests
  A giant frog zombie (D:6)
  Crazy Yiuf (D:2)
  2 centaur skeletons
  10 jellies
  2 iguanas
  10 orc wizards
  8 worker ants
  A hound zombie (D:11)
  A worker ant zombie (D:5)
  2 river rats
  11 gnolls
  12 adders
  3 shadow imps
  17 oozes (D:8)
  An adder zombie (D:5)
  4 worms
  4 giant geckos
  32 orcs
  A ball python (D:4)
  5 bats
  7 hobgoblins
  23 kobolds
  5 quokkas
  8 giant cockroaches
  6 giant newts
  8 goblins
  11 jackals
  2 jackal zombies
  8 rats
332 creatures vanquished.

Vanquished Creatures (others)
  A centaur warrior (D:10)
  5 fungi
  9 plants (D:11)
15 creatures vanquished.

Grand Total: 347 creatures vanquished

Notes
Turn   | Place    | Note
--------------------------------------------------------------
     0 | Abyss:1  | Gargoyl the Demonspawn Abyssal Knight began the quest for the Orb.
     0 | Abyss:1  | Reached XP level 1. HP: 18/18 MP: 2/2
    76 | D:1      | Escaped the Abyss
   258 | D:1      | Reached skill level 1 in Dodging
   312 | D:1      | Reached * piety under Lugonu
   312 | D:1      | Gained mutation: You are partially covered in thin metallic scales (AC +2). [demonic ancestry]
   312 | D:1      | Reached XP level 2. HP: 24/24 MP: 3/3
   860 | D:1      | Gained mutation: You are slightly more attuned to the shadows. [demonic ancestry]
   860 | D:1      | Reached XP level 3. HP: 26/29 MP: 5/5
  1722 | D:2      | Reached ** piety under Lugonu
  1848 | D:2      | Gained mutation: You have sharp toenails. [demonic ancestry]
  1848 | D:2      | Reached XP level 4. HP: 28/35 MP: 6/6
  1979 | D:2      | Noticed Crazy Yiuf
  1987 | D:2      | Killed Crazy Yiuf
  2525 | D:3      | Found a burning altar of Makhleb.
  2526 | D:3      | Found a radiant altar of Vehumet.
  2563 | D:3      | Gained mutation: You are mostly covered in thin metallic scales (AC +3). [demonic ancestry]
  2563 | D:3      | Reached XP level 5. HP: 25/41 MP: 7/7
  2765 | D:3      | Found a glowing drain.
  2774 | Sewer    | Entered a sewer
  2891 | Sewer    | Found a white marble altar of Elyvilon.
  3130 | D:3      | Gained mutation: You have razor-sharp toenails. [demonic ancestry]
  3130 | D:3      | Reached XP level 6. HP: 48/48 MP: 8/8
  3140 | D:4      | Noticed Edmund
  3169 | D:3      | Reached *** piety under Lugonu
  3210 | D:4      | Killed Edmund
  3210 | D:4      | Reached skill level 4 in Fighting
  3210 | D:4      | Reached skill level 1 in Polearms
  3632 | D:4      | Found a glowing golden altar of the Shining One.
  3844 | D:4      | Gained mutation: You sometimes gain a little power by taking damage. [demonic ancestry]
  3844 | D:4      | Reached XP level 7. HP: 54/54 MP: 9/9
  4208 | D:5      | Entered Level 5 of the Dungeon
  4239 | D:5      | Reached skill level 5 in Armour
  4392 | D:5      | Reached skill level 1 in Stealth
  4524 | D:5      | Reached XP level 8. HP: 58/61 MP: 10/10
  4537 | D:5      | Reached skill level 5 in Fighting
  5031 | D:6      | Reached skill level 6 in Armour
  5126 | D:6      | Reached **** piety under Lugonu
  5414 | D:6      | Reached skill level 7 in Armour
  5418 | D:6      | Gained mutation: You possess an exceptional clarity of mind. [mutagenic meat]
  5419 | D:6      | Gained mutation: Your flesh is heat resistant. [mutagenic meat]
  5420 | D:6      | Gained mutation: You have a pair of small horns on your head. [mutagenic meat]
  5421 | D:6      | Gained mutation: Your flesh is very heat resistant. [mutagenic meat]
  5476 | D:6      | Found a staircase to the Ecumenical Temple.
  5484 | D:6      | Noticed azazzel4ik's ghost (novice MfFi)
  5499 | D:6      | Reached XP level 9. HP: 64/69 MP: 11/11
  5515 | D:6      | Killed azazzel4ik's ghost
  5819 | D:7      | Found a basalt altar of Yredelemnul.
  7098 | D:8      | Reached skill level 5 in Polearms
  7175 | D:8      | Found Pon Lek's Assorted Antiques.
  7189 | D:8      | Reached skill level 1 in Throwing
  7189 | D:8      | Reached skill level 8 in Armour
  7205 | D:8      | Reached skill level 1 in Shields
  7538 | D:8      | Gained mutation: You are robust (+10% HP). [demonic ancestry]
  7538 | D:8      | Reached XP level 10. HP: 43/86 MP: 12/12
  7561 | D:8      | Reached ***** piety under Lugonu
  8270 | D:9      | Found Viugi's Magic Scroll Shoppe.
  8342 | D:9      | Reached skill level 9 in Armour
  8450 | D:9      | Noticed Prince Ribbit
  8467 | D:9      | Killed Prince Ribbit
  8517 | D:9      | Gained mutation: You are weak. (Str -2) [mutagenic meat]
  8519 | D:9      | Gained mutation: You occasionally shout uncontrollably at your foes. [mutagenic meat]
  8521 | D:9      | Gained mutation: You are dopey. (Int -2) [mutagenic meat]
  8522 | D:9      | Lost mutation: You occasionally shout uncontrollably at your foes. [mutagenic meat]
  8624 | D:9      | Found an opulent altar of Gozag.
  8660 | D:9      | Gained mutation: Potions and wands are less effective at restoring your health. [mutagenic meat]
  8662 | D:9      | Gained mutation: You have a pair of horns on your head. [mutagenic meat]
  8665 | D:9      | Gained mutation: Armour fits poorly on your strangely shaped body. [mutagenic meat]
  8974 | D:9      | Noticed an unseen horror
  8998 | D:9      | Killed an unseen horror
  9143 | D:10     | Entered Level 10 of the Dungeon
  9444 | D:10     | Reached XP level 11. HP: 95/95 MP: 13/13
  9552 | D:10     | Noticed a centaur warrior
  9946 | D:10     | Noticed an unseen horror
  9958 | D:10     | Banished a centaur warrior
  9958 | D:10     | Reached skill level 10 in Armour
 10557 | D:10     | Killed an unseen horror
 10557 | D:10     | Reached skill level 5 in Axes
 10647 | D:10     | Noticed an unseen horror
 10668 | D:10     | Killed an unseen horror
 11095 | D:11     | Noticed Fannar
 11308 | D:10     | Killed Fannar
 11341 | D:10     | Reached ****** piety under Lugonu
 12110 | D:11     | Found a staircase to the Lair.
 12114 | D:11     | Reached skill level 11 in Armour
 12251 | D:11     | Slain by a crocodile

Action                   |  1- 3 |  4- 6 |  7- 9 | 10-12 || total
-------------------------+-------+-------+-------+-------++-------
Melee: Hand axe          |   130 |    48 |    19 |       ||   197
       Spear             |    25 |   155 |   357 |   615 ||  1152
       War axe           |       |       |    17 |    85 ||   102
       Battleaxe         |       |       |       |   115 ||   115
Throw: Tomahawk          |       |       |     7 |     6 ||    13
Invok: Depart the Abyss  |     1 |       |       |       ||     1
       Bend Space        |       |       |       |     1 ||     1
       Banish            |       |       |       |     1 ||     1
  Use: Scroll            |     1 |     4 |    10 |     5 ||    20
       Potion            |       |     1 |     9 |    13 ||    23
  Eat: Chunk             |     3 |     4 |    12 |    18 ||    37
       Bread ration      |       |     1 |       |     5 ||     6
       Fruit             |       |       |     4 |       ||     4
       Royal jelly       |       |       |     1 |       ||     1
       Pizza             |       |       |       |     1 ||     1
       Beef jerky        |       |       |       |     1 ||     1
